[Event "Lienz Open 2007"]
[Site "?"]
[Date "2007.02.13"]
[Round "5"]
[White "Henrichsen, Jens"]
[Black "Grundner, Alois"]
[Result "1-0"]
[ECO "E18"]
[WhiteElo "2052"]
[BlackElo "1931"]
[Annotator ",Lois"]
[PlyCount "51"]
[TimeControl "300"]

{96MB, TreeB33.ctg, LOIS-LXIC8KMRWW} 1. d4 Nf6 {letzter Buchzug} 2. c4 e6 3. Nf3 d5 4. g3 ({Fritz 8:} 4. Nc3 dxc4 5. e4 Bb4 6. Bg5 h6 7. Bxf6 Qxf6 8.
Bxc4 Qg6 ) 4... Be7 5. Bg2 b6 ({Fritz 8:} 5... dxc4 6. Nbd2 Qd5 7. O-O O-O 8. Qc2 Nc6 9. Qxc4 ) 6. O-O Bb7 7. Nc3 O-O 8. cxd5 exd5 9. Ne5 Nbd7 10. Qa4 Nxe5 11. dxe5 Ne8 ({Fritz 8:} 11... Ne4 12. Nxe4
dxe4 13. Bxe4 Bxe4 14. Qxe4 Qd7 15. Bf4 Qe6 16. Rfc1 c5 17. Qf3 ) 12. Rd1 c6 13. e4 Nc7 14. exd5 cxd5 15. Qb3 Bc5 16. Nxd5 Nxd5 17.
Bxd5 Qe7 18. Bxb7 Qxb7 19. Be3 Qf3 ({Fritz 8:} 19... Rac8 20.
Bxc5 Rxc5 21. f4 Rfc8 22. Rd6 R5c6 23. Rad1 Rxd6 ) 20. Bxc5 Qxb3 21. axb3 bxc5 22. Rd7 Rab8 23. Raxa7 Rxb3 24. e6 Rxb2 ({
Fritz 8:} 24... Rbb8 25. Rac7 g6 26. e7 Rfe8 ) 25. e7 Re8 ({Fritz 8:} 25... Rbb8 26. exf8=Q+ Rxf8 ) 26. Ra8 1-0

[Event "Lienz Open 2007"]
[Site "?"]
[Date "2007.02.12"]
[Round "4"]
[White "Grundner, Alois"]
[Black "Munz, Erich"]
[Result "1-0"]
[ECO "A40"]
[WhiteElo "1931"]
[BlackElo "1558"]
[Annotator ",Lois"]
[PlyCount "53"]
[TimeControl "300"]

{37MB, TreeB33.ctg, LOIS-LXIC8KMRWW} 1. d4 {letzter Buchzug} g6 2. c4 Bg7 3. Nc3 Nc6 4. Nf3 f5 5. g3 Nf6 6. Bg2 O-O 7. O-O e6 8. Bg5 ({Fritz 8:} 8. d5 Ne7 9. d6 cxd6
10. Qxd6 Nc6 11. Bf4 Ne4 12. Nxe4 fxe4 ) 8... Ne7 ({Fritz 8:} 8... h6 9. Be3 d6 10. h3 a6 11. d5 Ne7 12. Nd4 )
9. Qd2 d5 10. Ne5 c6 11. f3 ({Fritz 8:} 11. b3 Ng4 12. f4 Nf6 13. Rad1 Qd6
14. Qe3 ) 11... Bd7 ({Fritz 8:} 11... Nd7 12.
Nxd7 Qxd7 13. cxd5 Nxd5 14. Rad1 Rf7 15. Bh6 Bf6 ) 12. e4 Qa5 ({Fritz 8:} 12... Bc8 13. exd5 exd5 14. c5
Nd7 15. Nxd7 Qxd7 16. Rae1 Re8 ) 13. Bxf6 Rxf6 14. Nxd7 Rf7 15. Nc5 b6 ({Fritz 8:} 15... e5 16. exd5 exd4 17. N3e4
Qxd2 18. Nxd2 cxd5 ) 16. Nxe6 dxc4 17. Nxg7 Kxg7 18. d5 Qc5+ 19. Kh1 Rd8 20. Na4 Qb5 21. Qd4+ Kg8 22. Nc3 Qb4 23. a3 Qd6 24. e5 Qb8 25. d6 c5 26. Qxc4 Nc6 27.
f4 1-0

[Event "Lienz Open 2007"]
[Site "?"]
[Date "2007.02.11"]
[Round "2"]
[White "Grundner, Alois"]
[Black "Vergeiner, Franz"]
[Result "0-1"]
[ECO "E10"]
[WhiteElo "1931"]
[BlackElo "2138"]
[Annotator ",Lois"]
[PlyCount "60"]
[TimeControl "300"]

{37MB, TreeB33.ctg, LOIS-LXIC8KMRWW} 1. d4 Nf6 {letzter
Buchzug} 2. Nf3 e6 3. c4 c5 4. d5 b5 ({Fritz 8:} 4... d6 5.
Nc3 Be7 6. Qa4+ Qd7 7. dxe6 fxe6 8. Qxd7+ Bxd7 9. Bf4 e5 10. Bg5 O-O ) 5. e3 ({Fritz 8:} 5. dxe6 fxe6 6. cxb5 d5 7. Nc3 Nbd7
8. e4 d4 9. Na4 Nxe4 10. Bd3 ) 5... Bb7 6. dxe6 fxe6 7. cxb5 Be7 8. Be2 O-O 9. O-O a6 10. Nc3 d5 11. b3 axb5 12. Nxb5 Ne4 13. Bb2 Nc6 14. a3 ({Fritz 8:} 14. Nd2 Nxd2 15.
Qxd2 Ba6 16. Rfc1 Qb6 17. a4 Bh4 18. f4 ) 14... Bf6 15. Qc2 Qe7 ({Fritz 8:} 15... Ba6 16. Nd2
Bxb2 17. Qxb2 Nxd2 18. Qxd2 Qb6 19. a4 Bxb5 ) 16. Bd3 ({Fritz 8:} 16. Bxf6 Qxf6 17. Nd2 Nxd2 18. Qxd2 Na5 19. Qc2 Ba6 20. b4
cxb4 ) 16... Bxb2 17. Qxb2 Ng5 ({Fritz 8:} 17... Ba6 18. Rfc1 Rab8 19. Qe2 Qf6 20. a4 Ra8 ) 18. Nxg5 Qxg5 19. Nc7 ({Fritz 8:} 19. f4 Qe7 20. Qc2 e5 21. Bxh7+ Kh8 22. Nc3 Na5 23. b4 Nc4
24. bxc5 ) 19... Ne5 20. Be2 (
{Fritz 8:} 20. Qc2 Nf3+ 21. Kh1 ) 20... d4 21.
f3 ({Fritz 8:} 21. e4 d3 22. Bd1 Bxe4 23. f3 )
21... Qxe3+ 22. Rf2 ({Fritz 8:} 22. Kh1 d3
23. Qc3 ) 22... Ng4 ({Fritz 8:} 22... Rac8
23. Nxe6 Rf6 24. f4 Bd5 25. Ba6 Nd3 26. Bxd3 Qxd3 27. f5 ) 23.
Bc4 Nxf2 24. Bxe6+ ({Fritz
8:} 24. Qxf2 Rxa3 25. Rxa3 ) 24... Kh8 25.
Qxf2 Rxa3 26. Rxa3 Qc1+ 27. Qf1 Qxa3 28. Qd3 ({Fritz 8:} 28. Bc4 Qb2 29. Ne6 Ra8 30. Qe2 Qb1+ 31. Qf1 Qf5
32. Qd3 Ra1+ 33. Kf2 Qe5 ) 28... Qa5 29. Nb5 ({Fritz 8:} 29. Bc4 Qxc7 30. Qd2 Ra8 31. Qc1 Qd6 32. Bd3 ) 29... Qe1+ 30. Qf1 Qxe6 0-1

[Event "LLB"]
[Site "?"]
[Date "2006.11.18"]
[Round "?"]
[White "Kaisersberger, Christian"]
[Black "Grundner, Alois"]
[Result "1/2-1/2"]
[ECO "B01"]
[WhiteElo "1990"]
[BlackElo "1905"]
[Annotator ",Lois"]
[PlyCount "75"]
[TimeControl "300"]

{95MB, LOIS-LXIC8KMRWW} 1. e4 d5 2. exd5 Nf6 3. d4 Nxd5 4. c4 Nb6 5. Nf3 Bg4 6.
Be3 e6 7. Nbd2 Be7 8. Qb3 Bxf3 9. Nxf3 a5 10. a3 a4 11. Qc2 N8d7 12. Rd1 c6 13.
Be2 Nf6 14. O-O O-O 15. Bd3 h6 16. Ne5 Nbd7 17. Qd2 Qe8 ({1.19 Fritz 8:} 17...
Qc7 18. f4 (18. Bf4 Bd6 ) 18...
c5 19. Kh1 Rfd8 20. Qe1 ) 18. Bc2 ({0.50 Fritz 8:} 18. Bxh6 gxh6 19. Qxh6 Rd8 20. Rfe1 Bb4 21. Nxd7 Qxd7 22. Qg5+ Kh8 23. Qxf6+ Kg8 24. Qg5+ Kh8 25. Qh6+ Kg8 26. Qh7# )
18... Nh7 19. Qd3 f5 20. f4 Nhf6 21. g4 ({-0.03 Fritz 8:} 21. Qe2 Kh8 22. Bf2
Nxe5 23. Qxe5 Qf7 24. Rde1 Ne4 25. Bxe4 Bf6 26. Qc5 ) 21... Nxe5
22. dxe5 Nxg4 23. Bb6 Ra6 24. c5 Rxb6 25. cxb6 Bc5+ 26. Kh1 Ne3 27. Rfe1 Nxd1
28. Rxd1 Bxb6 29. Bxa4 Qe7 30. Qd7 Re8 31. Rd3 Kf7 32. Kg2 Rd8 ({0.00 Fritz 8:
} 32... Qxd7 33. Rxd7+ Re7 34. Rd3 Ke8 35. h4 Rd7 36. Rxd7 Kxd7 37. h5 Bd4 38.
b4 Bb2 39. Bb3 ) 33. Qxe7+ Kxe7 34. Rb3 Rd4 35. Rxb6 Rxa4 36.
Rxb7+ Kf8 37. Rb8+ Kf7 38. Rb7+ 1/2-1/2

[Event "LLB"]
[Site "?"]
[Date "2006.11.04"]
[Round "3"]
[White "Grundner, Alois"]
[Black "Buchebner, Markus"]
[Result "1/2-1/2"]
[ECO "D18"]
[WhiteElo "1905"]
[BlackElo "2031"]
[Annotator ",Lois"]
[PlyCount "53"]
[TimeControl "300"]

{95MB, LOIS-LXIC8KMRWW} 1. d4 d5 2. c4 c6 3. Nc3 Nf6 4. Nf3 dxc4 5. a4 Bf5 6.
e3 e6 7. Bxc4 Bb4 8. O-O Nbd7 9. Qb3 a5 10. Ne2 Be4 11. Nd2 Bxd2 12. Bxd2 O-O
13. f3 Bd5 14. e4 Bxc4 15. Qxc4 Qb6 16. Be3 Qa6 17. Rac1 Qxc4 18. Rxc4 Nb6 19.
Rc2 Nfd7 20. b3 Nc8 21. Rfc1 Ne7 22. Bf4 Ng6 23. Bd6 Rfe8 24. f4 Nf6 25. Ng3 h5
26. e5 Nd5 27. Nxh5 1/2-1/2

[Event "LLB"]
[Site "?"]
[Date "2007.02.24"]
[Round "8"]
[White "Swanidze, Ilija"]
[Black "Grundner, Alois"]
[Result "0-1"]
[ECO "A17"]
[WhiteElo "1959"]
[BlackElo "1931"]
[Annotator ",Lois"]
[PlyCount "114"]
[TimeControl "300"]

{37MB, TreeB33.ctg, LOIS-LXIC8KMRWW} 1. c4 Nf6 2. Nc3 e6 3. g3 d5 4. cxd5 exd5 5. Bg2 Be7 6. e3 O-O 7. Nge2 c6 8. O-O Nbd7 9. a3 Ne5 10. d4 Nc4 11. b3 Nd6 12. Qc2 Bf5 13. Qd1 Nfe4 14. Bb2 ({Fritz 8:} 14. f3 ) 14... Qd7 ({Fritz 8:} 14... Re8 15. Nxe4 Nxe4
16. Nc3 Bd6 17. Nxe4 Bxe4 18. Qh5 Qf6 19. h3 Bxg2 ) 15. Nxe4 Nxe4 16. f3 Nd6 17. g4 ({Fritz 8:} 17. Nc3 Bh3 18. Bxh3 Qxh3 19. e4 dxe4
20. fxe4 Rad8 21. e5 ) 17... Bg6 18. Nf4 f5 19. Nxg6 hxg6 20. Qc2 Rae8 21. Rae1 Bg5 22. Bc1 Re6 23. Bh3 Qf7 24. Re2 Rfe8 25. f4 Bd8 26. g5 ({
Fritz 8:} 26. Bd2 Ne4 27. Bb4 a5 28. Be1 Qf6 ) 26... Bb6 27. Rd1 Qe7 28. a4 Ne4 29. Bg2 Kf7 30. Bxe4 Rxe4 31. Kf2 ({Fritz 8:} 31. Rf2 Kg8 32. Bd2 Bc7 33. a5 ) 31...
Rh8 32. Kg3 ({Fritz 8:} 32. Kg1 Kg8 33. Rf2
Rh5 34. Bd2 a5 35. Rg2 Qe6 ) 32... Bc7 33.
h4 Bxf4+ 34. exf4 Rxe2 35. Qc3 ({Fritz 8:} 35. Qd3 Qe8 36. Rh1 Re1
37. Rf1 Rxf1 ) 35... Qe4 (35... Rxh4 {
[%eval -1556,10] 36.Tg1  -4.37} 36. Kxh4 Rh2+ 37. Kg3 Qe2 38. Qf3 Rh3+ 39. Kxh3 Qxf3+ ) ({Fritz 8:} 35... Rxh4 36. Kxh4 Rh2+ 37. Kg3 Qe2 38. Qf3 Rh3+ 39. Kxh3
Qxf3+ 40. Kh2 Qxd1 41. Ba3 ) 36. Qf3 Rxh4 37. Qxe4 Rg4+ 38. Kf3 Rxe4 39. Be3 Rh4 40. Kg3 Rh8 41. Rd3 Rh1 42. Kg2 Re1 43.
Kf2 R1xe3 44. Rxe3 Rxe3 45. Kxe3 Ke6 46. Kd3 a5 47. Kc3 Kd6 48. b4 axb4+ 49. Kxb4 b6 50. Kb3 ({Fritz 8:} 50. a5
bxa5+ 51. Kxa5 c5 52. Kb5 c4 53. Kb4 Ke7 54. Kc3 Ke6 ) 50...
c5 51. Kc3 Kc6 52. Kd3 Kb7 53. Kc3 ({Fritz 8:} 
53. Kc2 cxd4 54. Kd3 Ka6 55. Kxd4 Ka5 56. Kxd5 Kxa4 57. Ke6 b5 58. Kf7 b4 59.
Kxg6 b3 60. Kxf5 b2 ) 53... Ka6 54. Kc2 Ka5 55. Kb3 ({Fritz 8:} 
55. dxc5 bxc5 56. Kb3 c4+ 57. Kc3 Kxa4 58. Kd4 ) 55... cxd4 56. Kc2 Kb4 57. Kd3 Kc5 0-1

[Event "LLB"]
[Site "?"]
[Date "2007.03.10"]
[Round "9"]
[White "Grundner, Alois"]
[Black "Halilovic"]
[Result "1/2-1/2"]
[ECO "E91"]
[WhiteElo "1931"]
[BlackElo "2159"]
[Annotator ",Lois"]
[PlyCount "26"]
[TimeControl "240+2"]

{37MB, TreeB33.ctg, LOIS-LXIC8KMRWW} 1. d4 Nf6 2. c4 d6 3. Nc3 g6 4. e4 Bg7 5.
Be2 O-O 6. Nf3 Nc6 7. O-O h6 8. h3 e5 9. Be3 a6 10. Qd2 Kh7 11. Rad1 exd4 12.
Nxd4 Nxd4 13. Bxd4 b6 {und Halilovic bot Remis} 1/2-1/2

[Event "LLB "]
[Site "?"]
[Date "2007.03.24"]
[Round "10"]
[White "Grundner, Alois"]
[Black "Krimbacher, Walter"]
[Result "1/2-1/2"]
[ECO "D58"]
[WhiteElo "1931"]
[BlackElo "1926"]
[Annotator ",Lois"]
[PlyCount "56"]
[TimeControl "300"]

{37MB, TreeB33.ctg, LOIS-LXIC8KMRWW} 1. d4 Nf6 {letzter Buchzug} 2. c4 e6 3. Nc3 d5 4. Nf3 Be7 5. Bg5 O-O 6.
e3 h6 7. Bh4 b6 ({Fritz 8:} 7... Nbd7 8. Ne5 Nxe5 9. dxe5 Nd7 10. Bxe7 Qxe7 11. cxd5 exd5 12.
Nxd5 Qxe5 13. Qd4 ) 8. Be2 Bb7 9.
Bxf6 Bxf6 10. cxd5 exd5 11. O-O c5 12. Rc1 a6 13. Bd3 ({Fritz 8:} 13. dxc5 bxc5 14.
Qb3 Qd7 15. Rfd1 d4 16. Qb6 Rc8 17. exd4 Rc6 18. dxc5 Rxb6 )
13... Qd6 14. Bb1 Rd8 15. Re1 Nd7 16. Ne2 Nf8 17.
Nf4 g6 18. Nd3 Rac8 19. Nde5 Nd7 20. Nxd7 Rxd7 21. Qd2 Rdc7 22.
h4 h5 23. Bd3 Qe7 24. g3 c4 25. Bf1 b5 26. a3 Ra8 27. Qa5 Qd6 28. Rc2 Rd7 1/2-1/2

[Event "LLB"]
[Site "?"]
[Date "2007.03.31"]
[Round "?"]
[White "Rohrmüller, Helmut"]
[Black "Grundner, Alois"]
[Result "1/2-1/2"]
[ECO "D00"]
[WhiteElo "1939"]
[BlackElo "1931"]
[Annotator ",Lois"]
[PlyCount "39"]
[TimeControl "300"]

{37MB, TreeB33.ctg, LOIS-LXIC8KMRWW} 1. d4 Nf6 {letzter Buchzug} 2. Bg5 d5 3. Nd2 e6 4. e3 Be7 5. f4 ({Fritz 8:} 5. Ngf3
Nbd7 6. Bb5 c6 7. Bd3 ) 5... Nbd7 6. Ngf3 h6 7. Bxf6 Nxf6 8. Ne5 c5 9. c3 Qb6 10. Qa4+ Bd7 11. Nxd7 Nxd7 12. Bb5 O-O-O 13. Bxd7+ Rxd7 14. O-O Rc7 15. Rab1 cxd4 16. cxd4 Qb4 17. Qd1 Kb8 18. Nf3 Rhc8 19. Re1 Rc2 20. Re2 1/2-1/2

[Event "LLB 2007/08"]
[Site "?"]
[Date "2007.09.22"]
[Round "?"]
[White "Kaisersberger, Christian"]
[Black "Grundner, Alois"]
[Result "1/2-1/2"]
[ECO "C01"]
[WhiteElo "1985"]
[BlackElo "1941"]
[Annotator ",Lois"]
[PlyCount "45"]
[TimeControl "300"]

{37MB, TreeB33.ctg, LOIS-LXIC8KMRWW} 1. e4 d5 2. exd5 Nf6 3. c4 e6 4. d4 exd5
5. c5 Be7 6. Nf3 O-O 7. Be2 Nc6 8. O-O Bg4 9. Be3 Ne4 10. Nfd2 Bxe2 11. Qxe2 f5
12. f3 Ng5 13. a3 Ne6 14. Nb3 Bf6 15. Rd1 Re8 16. Qd2 Qe7 17. Bf2 Bg5 18. Qc2
g6 19. Nc3 Rad8 20. Re1 Qg7 21. Rad1 Bf6 22. Qd2 Qf7 23. Re2 1/2-1/2

[Event "LLB 2007/08"]
[Site "?"]
[Date "2007.10.06"]
[Round "?"]
[White "Grundner, Alois"]
[Black "Buchebner, Markus"]
[Result "0-1"]
[ECO "E92"]
[WhiteElo "1941"]
[BlackElo "2027"]
[Annotator "Fritz 8 (20s)"]
[PlyCount "88"]
[TimeControl "300"]

{37MB, TreeB33.ctg, LOIS-LXIC8KMRWW E92: Königsindisch (Klassisches System)} 1.
d4 Nf6 2. c4 g6 3. Nc3 Bg7 4. e4 d6 5. Be2 O-O 6. Nf3 e5 7. dxe5 dxe5 8. Qc2 (
8. Qxd8 Rxd8 9. Bg5 c6 $14) 8... Nbd7 9. Bg5 c6 {Es geht um b5+d5} 10. Rd1 Qc7
11. O-O Re8 (11... Nc5 12. h3 $11) 12. h3 {Kontrolliert g4} Nf8 13. Rd2 Ne6 14.
Be3 Nf4 15. Bxf4 exf4 16. Rfd1 Be6 17. Nd4 h5 (17... Bc8 18. b4 $11) 18. Nxe6
Rxe6 19. Qd3 Rae8 20. f3 {Punkt g4} Bf8 {[%cal Yc5e3,Yf8c5,Yg7f8] Der Läufer
plant Lg7-f8-c5-e3} 21. Kh1 Bc5 22. Qc2 Be3 {Von e3 entfaltet der Läufer
einige Wirkung} 23. Rd3 Kg7 24. Bf1 h4 25. b4 R6e7 26. Ne2 Qe5 27. Qc3 (27. c5
Nh5 $11) 27... Qg5 (27... Qxc3 28. Nxc3 Nh5 29. Ne2 $15) 28. Rd6 Re5 (28... c5
29. b5 $11) 29. R1d3 (29. c5 R8e7 $14) 29... Nh5 30. Rxe3 (30. Rd7 $142 $11 {
sieht noch spielbar aus}) 30... fxe3 $17 31. b5 (31. Kg1 Kh7 $17) 31... cxb5 (
31... Ng3+ $5 32. Nxg3 Qxg3 33. Qb2 $19) 32. cxb5 Kg8 33. a4 (33. Qb3 R8e6 34.
Rxe6 Rxe6 $19 (34... fxe6 $6 35. a4 $15)) 33... Rc5 34. Qb3 Rec8 (34... Ng3+ $5
35. Nxg3 Rc1 $19) 35. Rd7 $17 Qf6 36. Qxe3 $2 (36. Rd1 Ng3+ 37. Nxg3 Rc3 $19)
36... Ng3+ (36... Qa1 $142 {sichert den Gewinn} 37. Kg1 Rc1 (37... Qxa4 $6 {
scheint erheblich schwächer} 38. Rxb7 a6 39. bxa6 Qxa6 40. Rd7 $17) 38. Nxc1
Rxc1 39. Qxc1 Qxc1 $19) 37. Kg1 R8c7 38. Rxc7 Rxc7 39. Qxa7 $2 (39. Nxg3 hxg3
40. e5 $19) 39... Kh7 $19 40. Qe3 Qa1 (40... Nxf1 $6 41. Kxf1 Qa1+ 42. Kf2 $17)
41. Nxg3 hxg3 42. Qe2 $4 {ein Fehler in schlechter Stellung} (42. f4 Rc1 43.
Qd3 $19) 42... Rc1 43. f4 Qd4+ 44. Kh1 Qf2 (44... Qf2 45. Qxf2 gxf2 $19) (44...
Qxe4 45. Qf3 Qe1 46. Kg1 Rc2 47. f5 Rf2 48. fxg6+ fxg6 49. Qxf2 Qxf2+ 50. Kh1
Qxf1#) 0-1

[Event "LLB 2007/08"]
[Site "?"]
[Date "2007.10.20"]
[Round "3"]
[White "Hasanovic, Nurija"]
[Black "Grundner, Alois"]
[Result "0-1"]
[ECO "B01"]
[WhiteElo "1941"]
[BlackElo "1941"]
[Annotator ",Lois"]
[PlyCount "110"]
[TimeControl "300"]

{37MB, TreeB33.ctg, LOIS-LXIC8KMRWW} 1. e4 {letzter Buchzug} d5 2. exd5 Nf6 3. c4 e6 4. dxe6 Bxe6 5. d4 Bb4+ 6. Bd2 Qe7 7. Bxb4 Qxb4+ 8. Qd2 Qe7 9. Qe3 Ng4 10. Qa3 ({Fritz 8:} 10. Qe2
Qb4+ 11. Nc3 O-O 12. a3 Qd6 13. d5 Bf5 14. Nb5 ) 10... Qf6 ({Fritz 8:} 10... Nc6 11. Qxe7+ Kxe7 12. Nf3 Nb4 13. Na3 c6 ) 11. Nf3 Nd7 ({Fritz 8:} 11...
Nc6 12. Qc3 (12. d5 Nd4 13. Nxd4 Qxf2+ 14. Kd1 Ne3+ 15. Kc1 Qe1# ) 12... Bf5 13. d5 Nce5 14. Nxe5 Qxe5+ 15. Qxe5+ ) 12. Bd3 a6 ({Fritz 8:} 12...
c5 13. Nc3 (13. dxc5 Nge5 14.
Be2 Bxc4 ) 13... O-O 14. h3 Nh6
15. Ne4 Qe7 16. Nfd2 Rfd8 17. dxc5 ) 13. Nbd2 Bf5 14. O-O O-O-O 15. Rfe1 Rhe8 16. Bxf5 Qxf5 17. h3 Ngf6 18. Re7 Ng8 19. Rxe8 Rxe8 20. Re1 Rxe1+ 21. Nxe1 Qe6 22. Nef3 h6 23. d5 Qe2 24. d6 Qe6 25. dxc7 Kxc7 26. Qa5+ Kc8 27. Qc3 Ngf6 28. b4 Kb8 29. Qd4 g5 30. a4 Nh5 31. Nxg5 ({Fritz 8:} 31.
a5 f6 32. Ne4 Nf4 33. Kh2 Ne2 ) 31... hxg5 32.
Qh8+ Ka7 33. Qxh5 Qe1+ 34. Nf1 Qxb4 35. Qxg5 Qxa4 36. Qe7 f6 37. g3 Qc6 38. Nd2 Ne5 39. Qb4 ({Fritz 8:} 39. h4 a5 40. h5 Nxc4 41.
Nxc4 Qxc4 ) 39... Qc8 ({Fritz 8:} 39... Qd7
40. Nf1 Qxh3 41. Qc5+ Ka8 42. Qf8+ ) 40. c5 Qe6 ({Fritz 8:} 40... Qc6 41. Nc4 Nxc4 42. Qxc4 b5 43. cxb6+ Kxb6
44. Qb4+ Kc7 45. h4 Qc1+ ) 41. Ne4 ({Fritz 8:} 
41. g4 ) 41... Qxh3 ({Fritz 8:} 41... Qd5 ) 42. Qb6+ Ka8 43. Qxf6 Ng4 44. Qf3 Qh2+ 45. Kf1 Qh5 46. Ke2 Qg6 47. Qf8+ Ka7 48. f3 Ne5 49. Qf4 Qe6 50.
Kf1 Qc4+ 51. Kg2 ({Fritz 8:} 
51. Kg1 Qd4+ 52. Kg2 b6 53. Qf8 bxc5 54. Qxc5+ Qxc5 ) 51...
Qe2+ 52. Nf2 Nd3 53. Qd4 Ne1+ 54. Kh3 Nxf3 55. Qd6 Qxf2 0-1

[Event "LLB 2007/08"]
[Site "?"]
[Date "2007.11.03"]
[Round "?"]
[White "Grundner, Alois"]
[Black "Appl, Gerhard"]
[Result "1-0"]
[ECO "D07"]
[WhiteElo "1941"]
[BlackElo "2006"]
[Annotator ",Lois"]
[PlyCount "81"]
[TimeControl "300"]

{37MB, LOIS-LXIC8KMRWW} 1. d4 d5 2. c4 Nc6 3. Nf3 Bg4 4. e3 e6 5. Be2 Bb4+ 6.
Nc3 Nf6 7. O-O O-O 8. Qc2 dxc4 9. Ne5 Nxe5 10. dxe5 Bxe2 11. Nxe2 Qd3 12. Qxd3
cxd3 13. Nf4 Nd7 14. Nxd3 Ba5 15. b4 Bb6 16. Bb2 c5 17. bxc5 Nxc5 18. Nxc5 Bxc5
19. Rac1 Bb6 20. Ba3 Rfd8 21. Bd6 Rac8 22. g3 {Weiß bietet Remis} f5 23. Rfd1
Kf7 24. Kf1 Ke8 25. Ke2 Rxc1 26. Rxc1 Kd7 27. f3 Rc8 28. Rxc8 Kxc8 29. Kd3 Kd7
30. h3 Bd8 31. g4 fxg4 32. fxg4 b5 33. Bf8 g6 34. Bh6 a5 35. Bf8 Be7 36. Bxe7
Kxe7 37. Kd4 Kd7 38. Kc5 g5 39. Kxb5 Kc7 40. Kxa5 Kc6 41. Kb4 1-0

[Event "LLB 2007/08"]
[Site "?"]
[Date "2007.12.01"]
[Round "?"]
[White "Azad, Razik"]
[Black "Grundner, Alois"]
[Result "1-0"]
[ECO "B01"]
[WhiteElo "2006"]
[BlackElo "1941"]
[Annotator "Fritz 8 (20s)"]
[PlyCount "65"]
[TimeControl "300"]

{37MB, LOIS-LXIC8KMRWW B01: Skandinavische Verteidigung} 1. e4 d5 2. exd5 Nf6
3. Bb5+ Bd7 4. Be2 (4. Bc4 b5 5. Bb3 Bg4 $14) 4... Nxd5 $11 5. Nf3 e6 6. d4 Be7
7. c4 Nf6 8. O-O O-O 9. Nc3 Bc6 10. Ne5 Qe8 11. Bf4 Bd6 12. c5 (12. Nxc6 $6
Bxf4 (12... Qxc6 $2 13. c5 $18) 13. Na5 Qc8 $11) 12... Bxe5 13. Bxe5 Qe7 14. b4
Nd5 15. Nxd5 Bxd5 16. Bf3 Rd8 17. b5 Rd7 (17... c6 18. Bxd5 (18. Bd6 Qg5 ) 18... Rxd5 19. Qg4 $14) 18. Rc1 (
18. a4 f6 19. Bg3 a6 $16) 18... Qd8 (18... c6 19. a4 $16) 19. Bxd5 Rxd5 20. Qg4
f6 $2 (20... g6 $142 $16) 21. Qxe6+ $18 Kh8 22. Bxc7 Qg8 23. Qxg8+ Kxg8 24.
Bxb8 (24. Bg3 $5 {gibt noch größeren Vorteil} Nd7 25. c6 bxc6 26. bxc6 Nb6 $18)
24... Rxb8 25. Rfd1 Kf7 26. Kf1 Re8 27. a4 Re4 28. c6 bxc6 (28... Re8 29. cxb7
Rd7 30. d5 Rxb7 31. d6 $18) 29. bxc6 Re8 30. Rc4 (30. Rb1 $5 {ginge schneller}
Rc8 31. Rb7+ Ke6 32. Rxg7 Rxc6 33. Rxa7 Rc4 $18) 30... Rc8 31. Rb1 Rd6 32. Rb7+
{[%cal Yc6c7] Jetzt hängt c7 in der Luft} Kg6 (32... Ke6 33. Rxg7 Kd5 $18) 33.
c7 1-0

[Event "LLB"]
[Site "?"]
[Date "2008.01.26"]
[Round "?"]
[White "Krimbacher, Walter"]
[Black "Grundner, Alois"]
[Result "1-0"]
[ECO "D36"]
[WhiteElo "1938"]
[BlackElo "1938"]
[Annotator "Fritz 8 (20s)"]
[PlyCount "55"]
[TimeControl "300"]

{37MB, LOIS-LXIC8KMRWW D36: Damengambit (Abtauschvariante)} 1. d4 e6 (1... d5
2. Nf3 $11) 2. Nf3 Nf6 3. c4 d5 4. Bg5 c6 5. Nc3 (5. e3 Bd6 $14) 5... Nbd7 6.
cxd5 exd5 7. Qc2 Be7 8. e3 O-O 9. Bd3 Re8 10. O-O h6 11. Bxf6 (11. Bh4 Ne4 12.
Bxe7 Qxe7 $11) 11... Bxf6 (11... Nxf6 12. a3 $11) 12. b4 $14 Nf8 13. Rab1 a6 {
Überdeckt b5} 14. a4 b6 (14... Bg4 $5 $11 15. Nd2 Be7 16. b5 axb5 17. axb5 Bd6
18. bxc6 bxc6 19. h3 Bh5 20. Na4 Qf6 21. Rb6 Rec8 22. Rc1 Ba3 23. Rcb1 Bg6 24.
Bxg6 Qxg6 25. Qxg6 Nxg6 26. Nc3 Ne7 27. Nf3 Bd6 28. Kf1 Rcb8 29. Rxb8+ Bxb8 30.
Rb7 Bd6 31. Ke2 Ra3 32. Kd2 f6 33. e4 Kh7 34. Kc2 Ra1 35. Nd2 Kg6 36. f3 Rg1
37. g4 Rh1 38. f4 Bxf4) (14... b5) (14... Ne6) (14... Be6) ({Fritz 10:} 14...
Bg4 15. b5 axb5 16. axb5 Bxf3 17. gxf3 Ne6 18. bxc6 bxc6 19. Ne2 Qd7 20. Kg2
Rec8 21. Bf5 g6 22. Bxe6 Qxe6 23. Nf4 Qd6 24. Nd3 Bg7 25. Rfc1
Qe7 26. Kh1 Qf6 27. f4 Qe6 28. Qd1 Ra3 29. Nc5 Qh3 30. Qf1 Qf5 31. Rb7 Ra2 32.
Rb6 g5 33. Qg2 Kh7 34. Rg1 Bf8 35. h4 Bxc5 36. dxc5 g4 37. Qxg4 Qxg4 38. Rxg4
Rxf2 39. Rb7 Rf8 40. Rc7 Re2 41. Rg3 Rc2 42. Rxc6 Ra8 43. Rg2 Raa2 44. Rxc2
Rxc2 45. h5 Rc3 46. Kg2 Rxe3 47. Rd6 Rd3 48. Kf2 d4 49. c6 Kg7 50. f5 Rc3 51.
f6+ Kh7 52. Kg2 Rc5 53. Kf3 Rxh5 54. Ke4 Rc5 55. Kxd4 Rc2 56. Rd7 Rxc6 57.
Rxf7+ Kg6 58. Rf8 Rxf6 59. Rxf6+ Kxf6) 15. Rfc1 Bb7 (15... Bg4 16. Ne2 $16) 16.
a5 $16 Ra7 17. axb6 Qxb6 18. Na4 Qd8 19. Nc5 Bc8 20. Nb3 Qb6 (20... Re6 21. Na5
Rc7 22. Rb3 $18) 21. Qxc6 Qxc6 22. Rxc6 Ne6 23. Nc5 Nxc5 24. bxc5 (24. dxc5 Kf8
$18) 24... Ra8 (24... Kf8 25. Rcb6 $18) 25. Rcb6 a5 26. Bb5 Rf8 (26... Rd8 $18)
27. Bc6 Ra7 28. Bxd5 1-0